 Dungeon Crawl Stone Soup version 0.31-a0-774-g0d66cbabe8 (webtiles) character file.

Game seed: 2220583776893929462

30 cforsyth the Sneak (level 3, -4/30 HPs)
             Began as a Djinni Delver on Sept 18, 2023.
             Slain by an iguana (7 damage)
             ... on level 5 of the Dungeon.
             The game lasted 00:00:33 (150 turns).

cforsyth the Sneak (Djinni Delver)                   Turns: 150, Time: 00:00:34

Health: -4/30      AC:  3    Str: 11    XL:     3   Next: 35%
Gold:   0          EV: 12    Int: 13    God:
                   SH:  0    Dex: 14

rFire   + + .        a - +0 falchion
rCold   x . .        (no shield)
rNeg    . . .        b - +0 leather armour
rPois   ∞            (no helmet)
rElec   .            (no cloak)
rCorr   .            (no gloves)
SInv    .            (boots unavailable)
Will    .....        (no amulet)
Stlth   ++           (no ring)
HPRegen 0.25/turn    (no ring)
MPRegen 0.00/turn

%: infuse magic (-5 HP)
@: flying
A: sickness immunity, fire resistance 2, cold vulnerability 1, float, innate
caster, HP casting, extra vitality 1
a: no special abilities


You were on level 5 of the Dungeon.
You visited 1 branch of the dungeon, and saw 1 of its levels.

Inventory:

Hand Weapons
 a - a +0 falchion (weapon)
Armour
 b - a +0 leather armour (worn)
Wands
 g - a wand of digging (3)
Scrolls
 c - a scroll of fog
 d - a scroll of revelation
 e - a scroll of fear
Potions
 f - a potion of haste


   Skills:
 + Level 3.6 Fighting
 - Level 1.7 Long Blades
 - Level 2.1 Dodging
 - Level 4.1 Stealth
 + Level 1.2 Spellcasting
 + Level 1.2 Conjurations
 + Level 1.2 Hexes
   Level 0.0 Charms
 + Level 1.2 Summonings
 + Level 1.2 Necromancy
 + Level 1.2 Translocations
 + Level 1.2 Transmutations
 + Level 1.2 Fire Magic
 + Level 1.2 Ice Magic
 + Level 1.2 Air Magic
 + Level 1.2 Earth Magic
 + Level 1.2 Poison Magic


You knew the following spells:

 Your Spells              Type           Power      Damage    Failure   Level
a - Foxfire               Conj/Fire      16%        2x1d4     22%         1
Your spell library was empty.

Dungeon Overview and Level Annotations

Branches:
Dungeon (5/15)
 Temple: D:4-7

Altars:


Innate Abilities, Weirdness & Mutations

You are immune to sickness and miasma.
You are immune to poison.
Your flesh is very heat resistant. (rF++)
You are vulnerable to cold. (rC-)
You float through the air rather than walking.
You learn spells naturally, not from books.
Your magical power is your life essence.
You have superior vitality. (+4 MHP)


Message History

You closely miss the iguana.
The iguana is heavily wounded.
The foxfire hits the iguana but does no damage.
The iguana is heavily wounded.
The iguana bites you but does no damage.
You barely miss the iguana.
The iguana is heavily wounded.
The iguana bites you!
You hit the iguana but do no damage. Your punch misses the iguana.
The iguana is heavily wounded.
The iguana bites you.
You hit the iguana.
The iguana is severely wounded.
The iguana barely misses you.
You hit the iguana but do no damage.
The iguana is severely wounded.
The iguana barely misses you.
Your magical contamination has completely faded away.
You barely miss the iguana.
The iguana is severely wounded.
The iguana bites you. The iguana barely misses you.
You barely miss the iguana.
The iguana is severely wounded.
The iguana bites you!
* * * LOW HITPOINT WARNING * * *
You barely miss the iguana.
The iguana is severely wounded.
The iguana bites you.
* * * LOW HITPOINT WARNING * * *
You hit the iguana but do no damage.
The iguana is severely wounded.
The iguana bites you.
* * * LOW HITPOINT WARNING * * *
You closely miss the iguana.
The iguana is severely wounded.
The iguana barely misses you.
You barely miss the iguana.
The iguana is severely wounded.
The iguana bites you!
You die...

#..........###....#
#.................##
#.........#....##..#
###(......##..###.....#
######....###..# .....##
#...##.....##..#..h...#
#.........##......###..l
....#....####.###........
... ###....##.@##....
###. .##
#........l........ ....
#........##.......
....##........#.....##.
.....#..>.........#...
................###...#
................ ..#
...............# ##
....##.........#


You could see an iguana.

Vanquished Creatures
  A hound (D:5)
1 creature vanquished.

Vanquished Creatures (others)
  7 foxfires (D:5)
7 creatures vanquished.

Grand Total: 8 creatures vanquished

Notes
Turn   | Place    | Note
-------+----------+-------------------------------------------
     0 | D:5      | cforsyth the Djinni Delver began the quest for the Orb.
     0 | D:5      | Reached XP level 1. HP: 20/20 MP: 0/0
    38 | D:5      | Noticed an iguana
    39 | D:5      | Noticed a hound
    65 | D:5      | Killed a hound
    66 | D:5      | Reached skill level 1 in Spellcasting
    66 | D:5      | Reached skill level 1 in Conjurations
    66 | D:5      | Reached skill level 1 in Hexes
    66 | D:5      | Reached skill level 1 in Summonings
    66 | D:5      | Reached skill level 1 in Necromancy
    66 | D:5      | Reached skill level 1 in Translocations
    66 | D:5      | Reached skill level 1 in Transmutations
    66 | D:5      | Reached skill level 1 in Fire Magic
    66 | D:5      | Reached skill level 1 in Ice Magic
    66 | D:5      | Reached skill level 1 in Air Magic
    66 | D:5      | Reached skill level 1 in Earth Magic
    66 | D:5      | Reached skill level 1 in Poison Magic
    66 | D:5      | Reached XP level 2. HP: 12/25 MP: 0/0
    66 | D:5      | Reached XP level 3. HP: 14/30 MP: 0/0
    66 | D:5      | Learned a level 1 spell: Foxfire
   150 | D:5      | Slain by an iguana

Illustrated notes

Levels and vault maps discovered:
D:5:      layout_cave_pools, nemelex_dance_club_becter

Skill      XL: |  1 |
---------------+----+-----
Spellcasting   | 1 |  1.2
Conjurations   | 1 |  1.2
Hexes          | 1 |  1.2
Summonings     | 1 |  1.2
Necromancy     | 1 |  1.2
Translocations | 1 |  1.2
Transmutations | 1 |  1.2
Fire Magic     | 1 |  1.2
Ice Magic      | 1 |  1.2
Air Magic      | 1 |  1.2
Earth Magic    | 1 |  1.2
Poison Magic   | 1 |  1.2
Fighting       | |  3.6
Long Blades    | |  1.7
Dodging        | |  2.1
Stealth        | |  4.1

Action                     || total
---------------------------++-------
  Melee: Falchion          ||    24
   Cast: Foxfire           ||     4
 Armour: Leather armour    ||    16
  Dodge: Dodged            ||    17

Table legend: (Time is in decaauts)
 A = Elapsed time spent in this place.
 B = Non-inter-level travel time spent in this place.
 C = Inter-level travel time spent in this place.
 D = Time resting spent in this place.
 E = Time spent auto-exploring this place.
 F = Levels seen in this place.
 G = Mean time per level.
                   A        B        C        D        E       F      G
               +--------+--------+--------+--------+--------+-----+--------+
         Total |    154 |    154 |      0 |     68 |      7 |   1 |  154.0 |
       Dungeon |    154 |    154 |      0 |     68 |      7 |   1 |  154.0 |
               +--------+--------+--------+--------+--------+-----+--------+

Top non-repeatable levels by time:
     D:5: 154 daAuts
